 Dungeon Crawl Stone Soup version 0.28.0-53-g5a82cb258f (webtiles) character file.

Game seed: 420898489257185211

9926 quokkamancerX the Severer (level 11, -5/99 (104) HPs)
             Began as a Hill Orc Fighter on May 30, 2022.
             Was a Priest of Ru.
             Slain by a tengu warrior
             ... wielding a +4 great sword
              (15 damage)
             ... on level 11 of the Dungeon.
             The game lasted 00:41:06 (12610 turns).

quokkamancerX the Severer (Hill Orc Fighter)       Turns: 12610, Time: 00:41:06

HP:   -5/99 (104)   AC: 18    Str: 24    XL:     11   Next: 54%
MP:   11/11         EV:  7    Int:  8    God:    Ru [***...]
Gold: 787           SH:  4    Dex: 10    Spells: 10/10 levels left

rFire   . . .      SeeInvis .   a - +0 war axe
rCold   . . .      Faith    .   c - +0 buckler
rNeg    . . .      Spirit   .   A - +2 chain mail {Will+}
rPois   +          Reflect  .   l - +2 helmet
rElec   .          Harm     .   n - +0 cloak
rCorr   .          Rampage  .   b - +2 pair of gloves
Will    +....                   (no boots)
Stlth   ..........              s - amulet of regeneration
HPRegen 1.06/turn               m - ring of poison resistance
MPRegen 0.12/turn               i - +4 ring of slaying

@: mighty, exhausted, lightly drained
A: inability to use devices, no poison magic, no summoning magic, no
transmutations magic
a: Renounce Religion, Draw Out Power


You were on level 11 of the Dungeon.
You worshipped Ru.
Ru was most pleased with you.
You visited 2 branches of the dungeon, and saw 12 of its levels.
You also visited: Sewer, Ossuary and Bailey.

You collected 893 gold pieces.
You spent 106 gold pieces at shops.

Inventory:

Hand Weapons
 a - a +0 war axe (weapon)
Missiles
 p - a curare-tipped dart
 x - 22 javelins
 y - 6 boomerangs (quivered)
Armour
 b - a +2 pair of gloves (worn)
 c - a +0 buckler (worn)
 l - a +2 helmet (worn)
 n - a +0 cloak (worn)
 A - a +2 chain mail of willpower (worn)
Jewellery
 d - a ring of positive energy
 i - a +4 ring of slaying (right hand)
 m - a ring of poison resistance (left hand)
 s - an amulet of regeneration (around neck)
Scrolls
 j - 2 scrolls of fear
 o - a scroll of holy word
 q - a scroll of silence
 t - 4 scrolls of teleportation
 u - a scroll of vulnerability
 v - 3 scrolls of fog
 w - a scroll of enchant weapon {unknown}
 C - 2 scrolls of blinking
 D - 2 scrolls of summoning {unknown}
 E - a scroll of torment
 H - a scroll of amnesia
 K - a scroll of magic mapping
 L - a scroll of immolation
 W - a scroll of enchant armour
Potions
 e - a potion of flight
 f - a potion of magic {unknown}
 g - 2 potions of resistance
 h - 2 potions of lignification
 k - 10 potions of curing
 r - 2 potions of mutation
 z - 2 potions of brilliance {unknown}
 B - 2 potions of attraction {unknown}
 F - a potion of ambrosia {unknown}
 G - a potion of haste {unknown}
 J - a potion of degeneration {unknown}


   Skills:
 - Level 12.0 Fighting
 - Level 16.0 Axes
 + Level 7.8 Throwing
 - Level 3.2 Armour
 - Level 3.2 Shields


You had 10 spell levels left.
You didn't know any spells.
Your spell library contained the following spells:

 Spells                   Type           Power      Damage    Failure   Level
 Animate Skeleton         Necr           0%         N/A       99%         1
 Apportation              Tloc           0%         N/A       99%         1
 Corpse Rot               Necr/Air       0%         N/A       100%        2
 Gell's Gravitas          Tloc           0%         N/A       100%        3
 Stone Arrow              Conj/Erth      0%         3d7       100%        3
 Teleport Other           Tloc           0%         N/A       100%        3
 Dispel Undead            Necr           0%         3d6       100%        4
 Leda's Liquefaction      Hex/Erth       0%         N/A       100%        4
 Passage of Golubria      Tloc           0%         N/A       100%        4
 Freezing Cloud           Conj/Ice/Air   0%         6-21      100%        5
 Lee's Rapid Deconstruct  Erth           0%         3d5*      100%        5
 Silence                  Hex/Air        0%         N/A       100%        5
 Death Channel            Necr           0%         N/A       100%        6
 Dispersal                Tloc           0%         N/A       100%        6
 Lehudib's Crystal Spear  Conj/Erth      0%         10d2      100%        8
 Summon Small Mammal      Summ           Unusable   N/A       N/A         1
 Ignite Poison            Fire/Tmut/Pois Unusable   N/A       N/A         3
 Mephitic Cloud           Conj/Pois/Air  Unusable   N/A       N/A         3
 Animate Armour           Summ/Erth      Unusable   N/A       N/A         4
 Statue Form              Tmut/Erth      Unusable   N/A       N/A         6

Dungeon Overview and Level Annotations

Branches:
Dungeon (11/15)            Temple (1/1) D:7            Lair (0/6) D:8
    Orc (0/2) D:9           Sewer (visited)         Ossuary (visited)
 Bailey (visited)

Altars:
Ashenzari
Cheibriados
Dithmenos
Elyvilon
Fedhas
Gozag
Hepliaklqana
Kikubaaqudgha
Makhleb
Nemelex Xobeh
Okawaru
Qazlal
Ru
Sif Muna
Trog
Uskayaw
Vehumet
Wu Jian
Xom
Yredelemnul
Zin
The Shining One
Beogh

Shops:
D:7 [**[=


Innate Abilities, Weirdness & Mutations

You cannot study or use magical devices.
You cannot study or cast Poison magic.
You cannot study or cast Summoning magic.
You cannot study or cast Transmutations magic.


Message History

The tengu warrior is moderately wounded.
The tengu warrior hits you with a +4 great sword!!
You block the tengu warrior's attack.
The tengu warrior claws you but does no damage.
You closely miss the tengu warrior.
The tengu warrior is moderately wounded.
The tengu warrior is stunned by your conviction and fails to attack.
You hit the tengu warrior.
The tengu warrior is heavily wounded.
The tengu warrior hits you with a +4 great sword!
* * * LOW HITPOINT WARNING * * *
The tengu warrior pecks you but does no damage.
The tengu warrior claws you but does no damage.
You are restored by drawing out deep reserves of power within.
You feel drained.
The tengu warrior hits you with a +4 great sword!
The tengu warrior pecks you but does no damage.
The tengu warrior claws you but does no damage.
You hit the tengu warrior but do no damage.
The tengu warrior is heavily wounded.
You miss the tengu warrior.
The tengu warrior is heavily wounded.
You block the tengu warrior's attack. The tengu warrior pecks you.
The tengu warrior claws you.
* * * LOW HITPOINT WARNING * * *
You feel very mighty all of a sudden.
The tengu warrior hits you with a +4 great sword!!
* * * LOW HITPOINT WARNING * * *
The tengu warrior pecks you but does no damage.
The tengu warrior barely misses you.
You slash the tengu warrior!
The tengu warrior is heavily wounded.
The tengu warrior completely misses you.
The tengu warrior pecks you but does no damage.
The tengu warrior claws you.
* * * LOW HITPOINT WARNING * * *
You slash the tengu warrior!
The tengu warrior is severely wounded.
The tengu warrior hits you with a +4 great sword!
You die...

.. #. ##.
.. #. #.##
#)Q# #@#
#.# ...
.....
#......
#.......
#........
..........


You could see a tengu warrior.

Vanquished Creatures
  A tengu warrior (D:11)
  Maurice (D:9)
  2 trolls
  Grinder (D:5)
  Prince Ribbit (D:8)
  A hornet (D:7)
  Sigmund (D:3)
  A shadow (D:10)
  Eustachio (D:4)
  5 yaks (D:9)
  2 wyverns
  Menkaure (D:7)
  A steam dragon (D:8)
  Edmund (D:6)
  2 water moccasins (D:9)
  An acid dragon (D:10)
  A sky beast (D:5)
  14 orc warriors
  An ogre (D:9)
  4 wolves (D:8)
  12 centaurs
  2 phantoms
  3 kobold brigands
  Blork the orc (D:5)
  2 bullfrogs (Sewer)
  2 scorpions
  2 water moccasin skeletons
  8 killer bees (D:10)
  2 electric eels (D:8)
  3 howler monkeys (D:9)
  A centaur zombie (D:9)
  7 crimson imps (D:9)
  6 hounds
  7 orc priests
  A centaur skeleton (D:7)
  A jelly (D:7)
  Crazy Yiuf (D:2)
  Jessica (D:3)
  4 iguanas
  10 orc wizards
  Natasha (thrice) (D:3)
  A scorpion zombie (D:5)
  15 mummies
  Robin (D:2)
  4 gnolls (D:5)
  13 adders
  A river rat (D:6)
  A shadow imp (D:6)
  2 white imps (D:9)
  4 worms
  A dart slug (D:5)
  63 orcs
  3 endoplasms
  12 giant cockroaches
  15 goblins
  11 hobgoblins
  13 kobolds
  13 quokkas
  6 ball pythons
  3 bats
  6 frilled lizards
  3 gnoll skeletons (Ossuary)
  A goblin skeleton (Ossuary)
  3 kobold skeletons (Ossuary)
  An orc skeleton (Ossuary)
  6 rats
  11 rat skeletons (Ossuary)
335 creatures vanquished.

Vanquished Creatures (others)
  2 centaurs (Bailey)
  4 plants (D:5)
6 creatures vanquished.

Grand Total: 341 creatures vanquished

Notes
Turn   | Place    | Note
-------+----------+-------------------------------------------
     0 | D:1      | quokkamancerX the Hill Orc Fighter began the quest for the
                  | Orb.
     0 | D:1      | Reached XP level 1. HP: 19/19 MP: 1/1
    83 | D:1      | Reached skill level 3 in Axes
   174 | D:1      | Reached XP level 2. HP: 26/26 MP: 2/2
   276 | D:1      | Reached skill level 4 in Axes
   573 | D:1      | Found a faded altar of an unknown god.
   889 | D:2      | Reached XP level 3. HP: 31/31 MP: 3/3
   903 | D:2      | Noticed Robin
   912 | D:2      | Killed Robin
   913 | D:2      | Reached skill level 5 in Axes
  1195 | D:2      | Found a broken altar of Ashenzari.
  1333 | D:2      | Found a runed translucent door.
  1334 | D:2      | Noticed Crazy Yiuf
  1343 | D:2      | Killed Crazy Yiuf
  1344 | D:2      | Reached skill level 6 in Axes
  1344 | D:2      | Reached XP level 4. HP: 20/39 MP: 4/4
  1862 | D:3      | Noticed Natasha
  1873 | D:3      | Killed Natasha
  1874 | D:3      | Reached XP level 5. HP: 24/45 MP: 5/5
  1886 | D:3      | Noticed Natasha
  2026 | D:3      | Killed Natasha
  2027 | D:3      | Reached skill level 7 in Axes
  2143 | D:3      | Noticed Jessica
  2147 | D:3      | Killed Jessica
  2260 | D:3      | Noticed Natasha
  2266 | D:3      | Killed Natasha
  2291 | D:3      | Noticed Sigmund
  2366 | D:3      | Killed Sigmund
  2367 | D:3      | Reached skill level 9 in Axes
  2367 | D:3      | Reached XP level 6. HP: 44/51 MP: 6/6
  2438 | D:3      | Reached XP level 7. HP: 44/57 MP: 7/7
  3501 | D:4      | Noticed Eustachio
  3524 | D:4      | Killed Eustachio
  3525 | D:4      | Reached skill level 10 in Axes
  3647 | D:4      | Reached skill level 11 in Axes
  3787 | D:5      | Entered Level 5 of the Dungeon
  3801 | D:5      | Noticed Blork the orc
  3813 | D:5      | Killed Blork the orc
  3984 | D:5      | Reached XP level 8. HP: 61/64 MP: 8/8
  4130 | D:5      | Reached skill level 12 in Axes
  4174 | D:5      | Identified the +6 trident of Thoughtfulness {freeze, Contam
                  | rPois Will++ Stlth+}
  4278 | D:5      | Noticed Grinder
  4297 | D:5      | Paralysed by Grinder for 3 turns
  4301 | D:5      | Killed Grinder
  4416 | D:5      | Reached skill level 13 in Axes
  5101 | D:6      | Found a glowing drain.
  5115 | Sewer    | Entered a sewer
  5359 | Sewer    | Reached skill level 14 in Axes
  5691 | D:6      | Reached XP level 9. HP: 47/70 MP: 9/9
  5946 | D:6      | Noticed Edmund
  5957 | D:6      | Killed Edmund
  6332 | D:7      | Reached skill level 15 in Axes
  6440 | D:7      | Noticed Menkaure
  6444 | D:7      | Killed Menkaure
  6467 | D:7      | Found a staircase to the Ecumenical Temple.
  6471 | Temple   | Entered the Ecumenical Temple
  6829 | Temple   | Became a worshipper of Ru the Awakened
  6975 | D:7      | Found Vemotza's Antique Armour Shop.
  7018 | D:7      | Found a sand-covered staircase.
  7026 | Ossuary  | Entered an ossuary
  7325 | Ossuary  | Reached skill level 16 in Axes
  7403 | D:7      | Found Gosmixtu's General Store.
  7423 | D:7      | Bought a scroll of fog for 22 gold pieces
  7454 | D:7      | Found Siranari's General Store.
  7457 | D:7      | Bought a potion of lignification for 39 gold pieces
  7457 | D:7      | Bought a scroll of magic mapping for 45 gold pieces
  7498 | D:7      | Found Yptukk's Jewellery Shop.
  7647 | D:7      | Reached skill level 5 in Fighting
  7768 | D:7      | Found Humimug's Armour Emporium.
  7807 | D:7      | Gained mutation: You cannot study or use magical devices.
                  | [Ru sacrifice]
  7807 | D:7      | Reached * piety under Ru
  7807 | D:7      | Reached ** piety under Ru
  7979 | D:7      | Found a burning altar of Makhleb.
  7981 | D:7      | Found a broken altar of Ashenzari.
  8038 | D:7      | Identified the +4 flail "Veyr" {elec, rF+ Str-2 Stlth+}
  8641 | D:8      | Noticed a hornet
  8670 | D:7      | Killed a hornet
  8698 | D:8      | Reached XP level 10. HP: 85/88 MP: 10/10
  8781 | D:8      | Found a staircase to the Lair.
  8938 | D:8      | Noticed Prince Ribbit
  8943 | D:8      | Killed Prince Ribbit
  9159 | D:9      | Found a flagged portal.
  9213 | D:8      | Reached skill level 10 in Fighting
  9321 | D:9      | Identified the +9 spear of Light {freeze, Fly rF++ Dex-4
                  | Stlth-}
  9324 | Bailey   | Entered a bailey
  9925 | Bailey   | HP: 3/97 [orc/+0 halberd (7)]
 10082 | Bailey   | Reached skill level 1 in Throwing
 11002 | D:9      | Found a roughly hewn altar of Beogh.
 11056 | D:9      | Reached XP level 11. HP: 72/104 MP: 11/11
 11178 | D:9      | Gained mutation: You cannot study or cast Poison magic. [Ru
                  | sacrifice]
 11178 | D:9      | Gained mutation: You cannot study or cast Transmutations
                  | magic. [Ru sacrifice]
 11178 | D:9      | Gained mutation: You cannot study or cast Summoning magic.
                  | [Ru sacrifice]
 11178 | D:9      | Reached *** piety under Ru
 11222 | D:9      | Reached skill level 5 in Throwing
 11303 | D:9      | Found a staircase to the Orcish Mines.
 11304 | D:9      | Noticed Maurice
 11341 | D:9      | Killed Maurice
 11925 | D:10     | Entered Level 10 of the Dungeon
 12591 | D:11     | Noticed a tengu warrior
 12593 | D:11     | Noticed a tengu warrior
 12600 | D:11     | Killed a tengu warrior
 12610 | D:11     | Slain by a tengu warrior

Illustrated notes

Levels and vault maps discovered:
D:1:      dpeg_arrival_tiny_g, layout_basic,
          hellmonk_ecumenical_altar_leap_of_faith, grunt_decor_clamped,
          minmay_misc_feat_columns, chequers_serial_rivers_micro_a,
          minmay_strange_pillars
D:2:      layout_basic, basic_altar, uniq_crazy_yiuf_cottage, uniq_robin
D:3:      layout_basic, grunt_ministairs_10, uniq_jessica, uniq_sigmund,
          uniq_natasha
D:4:      layout_gridville, uniq_eustachio
D:5:      minmay_general_purpose_star, layout_basic, serial_bayou_ford_a,
          uniq_blork_the_orc, uniq_grinder
D:6:      layout_basic, gup_sewer_entry_spiral, uniq_edmund
D:7:      layout_layer_cave, grunt_temple_overflow_open, temple_hall_moat,
          serial_shops, nicolae_stop_n_shop_1, kennysheep_mini,
          nicolae_inconvenience_store, shop, nicolae_lakefront_shop,
          gup_ossuary_entry_pyramid, chequers_serial_rivers_large_a,
          uniq_menkaure
D:8:      layout_cave_pools, erik_lair_island, uniq_prince_ribbit1
D:9:      layout_roguey [special_room_orc], david_orc_2, enter_bailey_2,
          minmay_nine_imps, uniq_maurice
D:10:     layout_gridville, minmay_misc_feat_cross, minmay_fountain_box
D:11:     layout_roguey
Temple:   mainiacjoe_temple_cubbyholes

Skill      XL: |  1  2  3  4  5  6  7  8  9 10 11 |
---------------+----------------------------------+-----
Axes           | 3 4 6 9 11 14 16 | 16.0
Fighting       | 7 12 | 12.0
Throwing       | 4 7 |  7.8
Armour         | |  3.2
Shields        | |  3.2

Action                   |  1- 3 |  4- 6 |  7- 9 | 10-12 || total
-------------------------+-------+-------+-------+-------++-------
Melee: War axe           |    96 |    67 |   508 |   490 ||  1161
Throw: Javelin           |       |       |       |    12 ||    12
       Boomerang         |       |       |       |    10 ||    10
Invok: Sacrifice Artific |       |       |     1 |       ||     1
       Draw Out Power    |       |       |       |     1 ||     1
       Sacrifice Arcana  |       |       |       |     1 ||     1
  Use: Scroll            |     2 |       |    12 |     9 ||    23
       Potion            |       |     1 |     1 |     7 ||     9
 Stab: Distracted        |       |       |       |     3 ||     3
       Invisible         |       |       |       |     2 ||     2
Armor: Scale mail        |    40 |    23 |    11 |       ||    74
       Chain mail        |       |       |   219 |   269 ||   488
Dodge: Dodged            |    47 |    21 |   140 |   173 ||   381
Block: Buckler           |    21 |     5 |    83 |    89 ||   198
